 Dungeon Crawl Stone Soup version 0.31-a0-4-gefa6de2278 (webtiles) character file.

Game seed: 17194073398219068310

36 mopl the Chopper (level 3, -2/27 HPs)
             Began as a Formicid Warper on May 4, 2023.
             Slain by a gnoll
             ... wielding a +0 whip
              (4 damage)
             ... on level 2 of the Dungeon.
             The game lasted 00:01:22 (622 turns).

mopl the Chopper (Formicid Warper)                   Turns: 622, Time: 00:01:22

Health: -2/27      AC:  3    Str: 15    XL:     3   Next: 57%
Magic:  6/6        EV: 12    Int: 14    God:
Gold:   6          SH:  0    Dex: 19    Spells: 1/6 levels left

rFire   . . .        a - +0 broad axe
rCold   . . .        (no shield)
rNeg    . . .        b - +0 leather armour
rPois   .            (helmet unavailable)
rElec   .            (no cloak)
rCorr   .            (no gloves)
SInv    +            (no boots)
Will    .....        g - amulet of the acrobat
Stlth   +            l - +6 ring of dexterity
HPRegen 0.24/turn    (no ring)
MPRegen 0.10/turn

%: acrobat
@: no status effects
A: permanent stasis, dig shafts and tunnels, antennae 3, four strong arms
a: Dig, Shaft Self


You were on level 2 of the Dungeon.
You visited 1 branch of the dungeon, and saw 2 of its levels.

You collected 36 gold pieces.
You spent 30 gold pieces at shops.

Inventory:

Hand Weapons
 a - a +0 broad axe (weapon)
Missiles
 d - 7 boomerangs of dispersal (quivered)
Armour
 b - a +0 leather armour (worn)
 k - a +0 chain mail
Jewellery
 g - an amulet of the acrobat (around neck)
 l - a +6 ring of dexterity (left hand)
Scrolls
 c - 2 scrolls of blinking
 f - a scroll of poison {unknown}
 h - a scroll of teleportation {unknown}
 m - a scroll of identify
Potions
 e - 2 potions of flight {unknown}
 i - a potion of curing {unknown}


   Skills:
 - Level 2.1 Fighting
 * Level 3.2 Axes
 - Level 1.0 Throwing
 - Level 1.1 Armour
 - Level 1.7 Dodging
 - Level 2.1 Spellcasting
 + Level 3.1 Translocations


You had one spell level left.
You knew the following spells:

 Your Spells              Type           Power      Damage    Failure   Level
b - Lesser Beckoning      Tloc           20%        N/A       12%         2
c - Teleport Other        Tloc           10%        N/A       24%         3

Your spell library contained the following spells:

 Spells                   Type           Power      Damage    Failure   Level
 Portal Projectile        Hex/Tloc       10%        N/A       41%         3
 Manifold Assault         Tloc           10%        N/A       61%         4
 Call Canine Familiar     Summ           1%         N/A       65%         3
 Leda's Liquefaction      Hex/Erth       0%         N/A       96%         4
 Blink                    Tloc           Unusable   N/A       N/A         2
 Vhi's Electric Charge    Tloc/Air       Unusable   N/A       N/A         3

Dungeon Overview and Level Annotations

Branches:
Dungeon (2/15)

Altars:

Shops:
D:2 ?


Innate Abilities, Weirdness & Mutations

You cannot be hasted, slowed, berserked, paralysed or teleported.
You can dig through walls and to a lower floor.
You have a pair of large antennae on your head. (SInv)
Your four strong arms can wield two-handed weapons with a shield.


Message History

You slash the dart slug!
The dart slug is severely wounded.
The hobgoblin shouts!
The gnoll shouts!
The dart slug bites you but does no damage.
You hear a shout!
You hit the dart slug.
You kill the dart slug!
A gnoll comes into view. It is wielding a +0 whip.
You completely miss the hobgoblin.
The hobgoblin hits you but does no damage.
You closely miss the gnoll. You barely miss the hobgoblin.
The gnoll hits you with a +0 whip. The hobgoblin barely misses you.
You hit the gnoll.
The gnoll is heavily wounded.
You completely miss the hobgoblin. The gnoll hits you with a +0 whip!
The hobgoblin hits you but does no damage.
The gnoll closely misses you. The hobgoblin barely misses you.
You hit the gnoll.
The gnoll is severely wounded.
You hit the hobgoblin. You slash the gnoll! The gnoll hits you with a +0 whip.
The hobgoblin hits you. The gnoll hits you with a +0 whip.
* * * LOW HITPOINT WARNING * * *
You are too injured to fight recklessly!
You are too injured to fight recklessly!
You are too injured to fight recklessly!
You are too injured to fight recklessly!
You are too injured to fight recklessly!
You are too injured to fight recklessly!
Unknown command.
You hit the gnoll but do no damage.
The gnoll is severely wounded.
You hit the gnoll. You hit the hobgoblin.
You kill the hobgoblin!
The gnoll closely misses you. x2; The gnoll barely misses you.
The gnoll hits you with a +0 whip.
* * * LOW HITPOINT WARNING * * *
You barely miss the gnoll.
The gnoll is severely wounded.
You hit the gnoll. The gnoll hits you with a +0 whip.
You die...

##########.#..#
..#
#..........#..#
..#
#.##########..#
.^# #.# ## #...
..> #.# .. ....
.... #.# .#
##.... #.# .#
##.#. #.####.#
#.#.. #....@$#
#####gg.#
#.#.....
#.###### ..# {
###


You could see 2 gnolls.

Vanquished Creatures
  2 dart slugs
  3 endoplasms (D:1)
  2 goblins (D:1)
  6 hobgoblins
  2 quokkas (D:1)
  5 bats
  3 frilled lizards (D:1)
  3 kobolds
  4 rats (D:1)
30 creatures vanquished.

Notes
Turn   | Place    | Note
-------+----------+-------------------------------------------
     0 | D:1      | mopl the Formicid Warper began the quest for the Orb.
     0 | D:1      | Reached XP level 1. HP: 16/16 MP: 3/3
    24 | D:1      | Found a faded altar of an unknown god.
    87 | D:1      | Reached XP level 2. HP: 18/22 MP: 5/5
   165 | D:1      | Reached skill level 3 in Translocations
   211 | D:1      | Reached XP level 3. HP: 26/27 MP: 6/6
   309 | D:1      | Reached skill level 3 in Axes
   543 | D:2      | Found Laozupur's Magic Scroll Shop.
   559 | D:2      | Learned a level 2 spell: Lesser Beckoning
   563 | D:2      | Learned a level 3 spell: Teleport Other
   576 | D:2      | Bought a scroll of identify for 20 gold pieces
   576 | D:2      | Bought a scroll of noise for 10 gold pieces
   622 | D:2      | Slain by a gnoll

Illustrated notes

Levels and vault maps discovered:
D:1:      dpeg_arrival_rooms_with_view, layout_rooms,
          hellmonk_ecumenical_altar_arch_garden, minmay_tripent
D:2:      layout_loops_ring, serial_shops, shop, kennysheep_generic_room_6

Skill      XL: |  1  2  3 |
---------------+----------+-----
Translocations | 3 |  3.1
Axes           | 3 |  3.2
Fighting       | |  2.1
Throwing       | |  1.0
Armour         | |  1.1
Dodging        | |  1.7
Spellcasting   | |  2.1

Action                     || total
---------------------------++-------
  Melee: Hand axe          ||    77
         Punch             ||     1
         Broad axe         ||    11
 Armour: Leather armour    ||    28
  Dodge: Dodged            ||    77

Table legend: (Time is in decaauts)
 A = Elapsed time spent in this place.
 B = Non-inter-level travel time spent in this place.
 C = Inter-level travel time spent in this place.
 D = Time resting spent in this place.
 E = Time spent auto-exploring this place.
 F = Levels seen in this place.
 G = Mean time per level.
                   A        B        C        D        E       F      G
               +--------+--------+--------+--------+--------+-----+--------+
         Total |    638 |    619 |     19 |     78 |    295 |   2 |  319.0 |
       Dungeon |    638 |    619 |     19 |     78 |    295 |   2 |  319.0 |
               +--------+--------+--------+--------+--------+-----+--------+

Top non-repeatable levels by time:
     D:1: 555 daAuts
     D:2: 82 daAuts
